 Dungeon Crawl Stone Soup version 0.27-a0-366-g8badd94918 (webtiles) character file.

Game seed: 9125648534836692227

52 windgrace the Firebug (level 3, -11/29 HPs)
             Began as a Demigod Fire Elementalist on Feb 16, 2021.
             Killed by nerve-wracking pain
             ... invoked by an orc priest
              (13 damage)
             ... on level 3 of the Dungeon.
             The game lasted 00:06:26 (2225 turns).

windgrace the Firebug (Demigod Fire Elementalist)   Turns: 2225, Time: 00:06:27

Health: -11/29     AC:  9    Str:  9    XL:     3   Next: 39%
Magic:  0/8        EV:  8    Int: 21    God:
Gold:   115        SH:  0    Dex: 14    Spells: 2/6 levels left

rFire    + . .     SeeInvis .   f - +4 dagger
rCold    . . .     Faith    .   (no shield)
rNeg     . . .     Spirit   +   a - +1 scale mail {rF+}
rPois    .         Reflect  .   (no helmet)
rElec    .         Harm     .   (no cloak)
rCorr    .         Rampage  .   (no gloves)
Will     .....                  e - +1 pair of boots
Stlth    +.........             j - amulet of guardian spirit
HPRegen  0.09/turn              m - ring of flight
MPRegen  0.11/turn              (no ring)

@: no status effects
A: high mp 1
a: Evoke Flight


You were on level 3 of the Dungeon.
You visited 1 branch of the dungeon, and saw 3 of its levels.

You collected 115 gold pieces.

Inventory:

Hand Weapons
 b - a +0 whip
 f - a +4 dagger (weapon)
Missiles
 h - a throwing net
 i - 14 poisoned darts
Armour
 a - a +1 scale mail of fire resistance (worn)
 e - a +1 pair of boots (worn)
 s - a +0 robe
Jewellery
 j - an amulet of guardian spirit (around neck)
 m - a ring of flight (left hand)
 p - a ring of protection from fire
Scrolls
 c - a scroll of amnesia {unknown}
 g - a scroll of teleportation {unknown}
 k - 3 scrolls of identify {unknown}
 l - a scroll of enchant weapon {unknown}
 n - a scroll of fear {unknown}
 q - 4 scrolls of magic mapping {unknown}
Potions
 d - a potion of invisibility {unknown}
 o - 2 potions of curing {unknown}


   Skills:
 - Level 2.0 Fighting
 - Level 1.7 Dodging
 - Level 1.7 Stealth
 - Level 2.0 Spellcasting
 - Level 2.0 Conjurations
 + Level 2.8 Fire Magic


You had 2 spell levels left.
You knew the following spells:

 Your Spells              Type           Power        Failure   Level
a - Foxfire               Conj/Fire      48%          43%         1
b - Inner Flame           Hex/Fire       8%           91%         3

Your spell library contained the following spells:

 Spells                   Type           Power        Failure   Level
 Conjure Flame            Conj/Fire      12%          80%         3
 Sticky Flame             Conj/Fire      12%          99%         4
 Fireball                 Conj/Fire      6%           100%        5


Dungeon Overview and Level Annotations

Branches:
Dungeon (3/15)


Innate Abilities, Weirdness & Mutations

You have an increased reservoir of magic. (+10% MP)


Message History

The orc priest is moderately wounded.
The orc priest calls down the wrath of Beogh upon you.
Beogh smites you!
* * * LOW HITPOINT WARNING * * *
You hit the orc priest.
The orc priest is heavily wounded.
The orc priest hits you but does no damage.
You hit the orc priest but do no damage.
The orc priest is heavily wounded.
The orc priest hits you with a +0 mace.
* * * LOW HITPOINT WARNING * * *
You hit the orc priest but do no damage.
The orc priest is heavily wounded.
The orc priest closely misses you.
You hit the orc priest.
The orc priest is severely wounded.
You closely miss the orc priest.
The orc priest is severely wounded.
The orc priest miscasts a cantrip.
Your magical contamination has completely faded away.
You hit the orc priest.
The orc priest is severely wounded.
The orc priest barely misses you.
You hit the orc priest but do no damage.
The orc priest is severely wounded.
The orc priest mumbles some strange prayers to Beogh against you.
Pain shoots through your body!
* * * LOW HITPOINT WARNING * * *
You closely miss the orc priest.
The orc priest is severely wounded.
The orc priest hits you with a +0 mace.
* * * LOW HITPOINT WARNING * * *
You hit the orc priest.
The orc priest is almost dead.
The orc priest hits you but does no damage.
You hit the orc priest but do no damage.
The orc priest is almost dead.
The orc priest mumbles some strange prayers to Beogh against you.
Pain shoots through your body!
You die...

#.##.# #
#<##.#
#.##.##.# .#
#.......# #.#
####...## ...
###.# ##.#
#)# ... #
#.####.###...
#.@oo{K......
#####o..##..
#...# #o..#
#o..# #.K.#
#...# #...#
)....


You could see an orc priest, 2 orcs and a kobold.

Vanquished Creatures
  An ooze (D:2)
  2 orcs
  A bat (D:2)
  4 giant cockroaches
  5 goblins
  6 hobgoblins
  4 jackals (D:1)
  3 frilled lizards (D:1)
  9 kobolds
  8 rats
43 creatures vanquished.

Vanquished Creatures (others)
  91 foxfires
91 creatures vanquished.

Grand Total: 134 creatures vanquished

Notes
Turn   | Place    | Note
-------+----------+-------------------------------------------
     0 | D:1      | windgrace the Demigod Fire Elementalist began the quest for
                  | the Orb.
     0 | D:1      | Reached XP level 1. HP: 14/14 MP: 5/5
    69 | D:1      | Reached skill level 1 in Conjurations
   362 | D:1      | Reached XP level 2. HP: 20/20 MP: 0/7
   715 | D:1      | Reached skill level 1 in Fighting
  1249 | D:2      | Reached XP level 3. HP: 26/28 MP: 6/8
  1572 | D:2      | Learned a level 3 spell: Inner Flame
  1647 | D:2      | Found an iron altar of Okawaru.
  2225 | D:3      | Killed from afar by an orc priest

Illustrated notes

Levels and vault maps discovered:
D:1:      elethiomel_arrival_quiet, layout_basic
D:2:      layout_basic, okawaru_metal_pillars_1_2
D:3:      layout_loops_cross

Skill      XL: |  1  2  3 |
---------------+----------+-----
Spellcasting   | 2 |  2.0
Conjurations   | 1 2 |  2.0
Fighting       | 1 2 |  2.0
Dodging        | |  1.7
Stealth        | |  1.7
Fire Magic     | |  2.8

Action                   || total
-------------------------++-------
Melee: Whip              ||     7
       Unarmed           ||     1
       Dagger            ||    36
 Cast: Foxfire           ||    56
Armor: Robe              ||     5
       Scale mail        ||     5
Dodge: Dodged            ||    19

Table legend: (Time is in decaauts)
 A = Elapsed time spent in this place.
 B = Non-inter-level travel time spent in this place.
 C = Inter-level travel time spent in this place.
 D = Time resting spent in this place.
 E = Time spent auto-exploring this place.
 F = Levels seen in this place.
 G = Mean time per level.
                   A        B        C        D        E       F      G
               +--------+--------+--------+--------+--------+-----+--------+
         Total |   2223 |   2160 |     63 |      0 |   1826 |   3 |  741.0 |
       Dungeon |   2223 |   2160 |     63 |      0 |   1826 |   3 |  741.0 |
               +--------+--------+--------+--------+--------+-----+--------+

Top non-repeatable levels by time:
     D:1: 1148 daAuts
     D:2: 1018 daAuts
     D:3: 56 daAuts
